 Dungeon Sprint DCSS version 0.21.1-1-g345015f (webtiles) character file.

2900000 prawnwizard the Axe Maniac (level 20, -113/216 HPs)
             Began as a Minotaur Berserker on July 2, 2018.
             Annihilated by a destroyer
             ... wielding a +9 great sword of slicing
              (146 damage)
             ... in the Dungeon (Sprint VIII: "Arena of Blood").
             The game lasted 00:02:05 (29 turns).

prawnwizard the Axe Maniac (Minotaur Berserker)       Turns: 29, Time: 00:02:06

Health: -113/216   AC:  4    Str: 30    XL:     20   Next: 79%
Magic:  17/45      EV: 27    Int:  4    God:
Gold:   0          SH:  0    Dex: 11    Spells: 64/64 levels left

rFire    . . .     SeeInvis .   j - +∞ Axe of Woe
rCold    . . .     Gourm    .   (shield currently unavailable)
rNeg     . . .     Faith    .   b - +0 animal skin
rPois    .         Spirit   .   (helmet restricted)
rElec    .         Reflect  .   (no cloak)
rCorr    .         Harm     .   (no gloves)
MR       +....     NoTele   +   (no boots)
Stlth    +++++++++.             (no amulet)
HPRegen  0.46/turn              (no ring)
MPRegen  0.29/turn              (no ring)

@: berserk cooldown, slowed, very slow
A: retaliatory headbutt, horns 2
a: no special abilities


You were in the Dungeon.
You were not hungry.

You visited 1 branch

Inventory:

Hand Weapons
 a - a +0 hand axe
 j - the +∞ Axe of Woe (weapon)
   (You found it in the Dungeon)
Armour
 b - a +0 animal skin (worn)
Jewellery
 k - a +30 ring of slaying
 l - a +30 ring of slaying
Scrolls
 i - a scroll of blinking
Potions
 d - a potion of curing
 e - a potion of heal wounds
 f - a potion of haste
 g - 2 potions of magic
 h - a potion of berserk rage
Comestibles
 c - a ration


   Skills:
 O Level 27 Fighting
 O Level 27 Axes
 O Level 27 Throwing
 O Level 27 Armour
 O Level 27 Dodging
 O Level 27 Stealth
 O Level 27 Unarmed Combat
 + Level 22.8 Spellcasting


You had 64 spell levels left.
You didn't know any spells.

Dungeon Overview and Level Annotations

Branches:
Dungeon (1/1)

Altars:
Makhleb


Innate Abilities, Weirdness & Mutations

You reflexively headbutt those who attack you in melee.
You have a pair of horns on your head.


Message History

* * * LOW HITPOINT WARNING * * *
You hear a shout!
The bag of meat moves out of view.
You hear a shout! x3
Unknown command.
You are no longer berserk.
You are exhausted.
You feel yourself slow down.
You hear a shout! x3
The destroyer appears out of thin air!
A destroyer comes into view.
It is wielding a +9 great sword of slicing.
You hear a shout!
A meat berserker comes into view. It is wielding a +9 battleaxe.
Things that are here:
a +9 war axe; a +30 ring of slaying
l - a +30 ring of slaying You hear a shout! x2
The destroyer hits you with a +9 great sword of slicing!!!!!
Ouch! That really hurt!
You die...

...... . ....
#.....##.##....
.......o.o.....
........#.#......
.....o..o.......#
....o.§o§........
......§§V........
......§§O..VV...
......)@)......
...#..)V)..#... .
#.o.)).)# ....
.###.V...).###....
...o.o###.........
......._..........
.O.§#.....#.......
....#_.<._#.......
... #...o.#......#


You could see 5 destroyers, 2 meat berserkers and 9 bags of meat.

Vanquished Creatures
  6 ogres (D)
  A two-headed ogre (D)
  16 orcs (D)
23 creatures vanquished.

Notes
Turn   | Place    | Note
-------+----------+-------------------------------------------
     0 | D        | Found the +∞ Axe of Woe
     0 | D        | prawnwizard the Minotaur Berserker began the quest for the Orb.
     0 | D        | Reached XP level 1. HP: 19/19 MP: 0/0
     4 | D        | Noticed a bag of meat
     4 | D        | Noticed a meat berserker
     5 | D        | Noticed a bag of meat
     5 | D        | Noticed a meat berserker
     6 | D        | Noticed a meat berserker
     6 | D        | Killed a bag of meat
     6 | D        | Reached skill level 10 in Dodging
     6 | D        | Reached XP level 2. HP: 56/56 MP: 1/1
     6 | D        | Reached XP level 3. HP: 63/63 MP: 2/2
     6 | D        | Reached XP level 4. HP: 71/71 MP: 3/3
     6 | D        | Reached XP level 5. HP: 79/79 MP: 4/4
     6 | D        | Reached XP level 6. HP: 86/86 MP: 5/5
     6 | D        | Reached XP level 7. HP: 94/94 MP: 6/6
     6 | D        | Reached XP level 8. HP: 102/102 MP: 7/7
     6 | D        | Reached XP level 9. HP: 108/108 MP: 8/8
     6 | D        | Reached XP level 10. HP: 117/117 MP: 9/9
     6 | D        | Reached XP level 11. HP: 124/124 MP: 10/10
     6 | D        | Noticed a bag of meat
     7 | D        | Noticed a bag of meat
     7 | D        | Killed a meat berserker
     7 | D        | Reached ** piety under Trog
     7 | D        | Reached skill level 27 in Axes
     7 | D        | Reached XP level 12. HP: 143/143 MP: 11/11
     7 | D        | Reached XP level 13. HP: 150/150 MP: 12/12
     8 | D        | Noticed a bag of meat
     8 | D        | Noticed a bag of meat
     8 | D        | Noticed a bag of meat
     9 | D        | Noticed a bag of meat
     9 | D        | Killed a meat berserker
     9 | D        | Reached skill level 27 in Fighting
     9 | D        | Reached XP level 14. HP: 140/168 MP: 13/13
     9 | D        | Killed a meat berserker
     9 | D        | Reached XP level 15. HP: 145/174 MP: 14/14
    10 | D        | Reached *** piety under Trog
    12 | D        | Reached skill level 27 in Armour
    12 | D        | Reached XP level 16. HP: 153/183 MP: 15/15
    12 | D        | Reached skill level 27 in Dodging
    14 | D        | Reached skill level 10 in Stealth
    14 | D        | Reached XP level 17. HP: 122/191 MP: 15/28
    15 | D        | Noticed a meat berserker
    15 | D        | Reached skill level 15 in Throwing
    16 | D        | Noticed a meat berserker
    17 | D        | Noticed a large bag of meat
    18 | D        | Reached skill level 15 in Stealth
    18 | D        | Reached XP level 18. HP: 98/200 MP: 15/34
    18 | D        | Reached * piety under Trog
    19 | D        | Fell from the grace of Trog
    19 | D        | Reached skill level 15 in Spellcasting
    20 | D        | Noticed a meat berserker
    20 | D        | Killed a meat berserker
    20 | D        | Reached XP level 19. HP: 102/207 MP: 15/38
    20 | D        | Noticed a destroyer
    21 | D        | Killed a meat berserker
    22 | D        | Noticed a meat berserker
    23 | D        | Killed a meat berserker
    23 | D        | Reached skill level 27 in Unarmed Combat
    23 | D        | Reached XP level 20. HP: 86/216 MP: 16/42
    25 | D        | Noticed a destroyer
    26 | D        | Noticed a destroyer
    26 | D        | Killed a large bag of meat
    26 | D        | Reached skill level 27 in Throwing
    26 | D        | Noticed a destroyer
    27 | D        | Reached skill level 27 in Stealth
    29 | D        | Noticed a meat berserker
    29 | D        | Noticed a destroyer
    29 | D        | Annihilated by a destroyer

Skill      XL: |  1  2  3  4  5  6  7  8  9 10 11 12 13 14 15 16 17 18 19 20 |
---------------+-------------------------------------------------------------+-----
Fighting       | 20 23 27 | 27.0
Axes           | 21 27 | 27.0
Armour         | 12 14 19 23 27 | 27.0
Dodging        | 10 12 17 21 25 27 | 27.0
Throwing       | 11 17 22 25 27 | 27.0
Stealth        | 10 16 20 24 27 | 27.0
Unarmed Combat | 12 18 23 27 | 27.0
Spellcasting   | 8 13 16 19 22 | 22.8

Action                   |  1- 3 |  4- 6 |  7- 9 | 10-12 | 13-15 | 16-18 | 19-21 || total
-------------------------+-------+-------+-------+-------+-------+-------+-------++-------
Melee: Executioner's axe |     1 |       |       |     1 |     3 |     5 |     4 ||    14
Invok: Berserk           |       |       |       |       |       |     1 |       ||     1
Dodge: Dodged            |       |       |       |       |       |     1 |       ||     1
